 Dungeon Crawl Stone Soup version 0.29.1-2-gbd0b4ee654 (webtiles) character file.

Game seed: 5807013416825387494

1712 styxcanada the Covert (level 8, -2/42 HPs)
             Began as a Spriggan Brigand on Nov 29, 2022.
             Was an Initiate of Gozag.
             Slain by a gnoll
             ... wielding a +3 halberd
             ... led by a gnoll sergeant
              (10 damage)
             ... while paralysed by Grinder
             ... on level 6 of the Dungeon on Dec 1, 2022.
             The game lasted 00:38:19 (8091 turns).

styxcanada the Covert (Spriggan Brigand)            Turns: 8091, Time: 00:38:19

Health: -2/42      AC:  8    Str:  7    XL:     8   Next: 74%
Magic:  18/18      EV:  4    Int: 12    God:    Gozag
Gold:   529        SH:  0    Dex: 19    Spells: 7/7 levels left

rFire   . . .      SeeInvis +   a - +3 dagger
rCold   . . .      Faith    .   (no shield)
rNeg    . . .      Spirit   .   b - +1 robe
rPois   .          Reflect  .   (helmet restricted)
rElec   .          Harm     .   c - +0 cloak
rCorr   .          Rampage  .   (gloves unavailable)
Will    +....                   (boots unavailable)
Stlth   +++++.....              (no amulet)
HPRegen 0.14/turn               d - +4 ring of protection
MPRegen 0.16/turn               e - ring of magical power

@: paralysed, gold aura, very quick
A: very small, no large weapons, unfitting armour, see invisible, speed 3
a: Renounce Religion, Potion Petition, Call Merchant, Bribe Branch


You were on level 6 of the Dungeon.
You worshipped Gozag.
Gozag was pleased with you.
You visited 1 branch of the dungeon, and saw 6 of its levels.
You also visited: Ossuary.

You collected 614 gold pieces.
You paid 85 gold pieces to Gozag.

Inventory:

Hand Weapons
 a - a +3 dagger (weapon)
 h - a +0 sling
 t - a +1 hammer of protection
 u - a +3 quarterstaff of chaos
Missiles
 f - a poisoned dart (quivered)
 j - 55 stones
 l - a curare-tipped dart
 n - a throwing net
Armour
 b - a +1 robe (worn)
 c - a +0 cloak (worn)
Jewellery
 d - a +4 ring of protection (left hand)
 e - a ring of magical power (right hand)
Wands
 g - a wand of digging (7)
 o - a wand of roots (2)
 w - a wand of paralysis (11)
Scrolls
 y - a scroll of magic mapping
 B - a scroll of poison {unknown}
 C - a scroll of acquirement {unknown}
 D - 2 scrolls of butterflies {unknown}
 E - a scroll of teleportation
 G - a scroll of fear {unknown}
Potions
 i - 3 potions of brilliance
 k - 3 potions of might
 m - 4 potions of curing
 p - 3 potions of heal wounds
 q - a potion of invisibility
 r - a potion of haste
 s - 2 potions of resistance
 v - 3 potions of flight
 z - 3 potions of lignification {unknown}
 A - 2 potions of degeneration {unknown}


   Skills:
 * Level 3.6 Fighting
 + Level 4.5 Short Blades
 + Level 0.2 Staves
 + Level 3.5 Ranged Weapons
 + Level 4.9 Throwing
 * Level 6.0 Dodging
 * Level 11.1 Stealth


You had 7 spell levels left.
You didn't know any spells.
Your spell library contained the following spells:

 Spells                   Type           Power      Damage    Failure   Level
 Ozocubu's Armour         Ice            0%         N/A       69%         3
 Fulminant Prism          Conj/Hex       0%         3d6       97%         4
 Iskenderun's Mystic Bla  Conj/Tloc      0%         2d3       97%         4
 Lee's Rapid Deconstruct  Erth           0%         3d5*      100%        5
 Ozocubu's Refrigeration  Ice            0%         4d7       100%        7


Dungeon Overview and Level Annotations

Branches:
Dungeon (6/15)            Ossuary (visited)
 Temple: D:4-7

Altars:
Cheibriados
Gozag
Hepliaklqana
Okawaru
Uskayaw
Wu Jian
Zin

Shops:
D:1 [

Annotations:
D:6 Grinder


Innate Abilities, Weirdness & Mutations

You are very small and have problems with some larger weapons.
You are too small for most types of armour.
You have supernaturally acute eyesight. (SInv)
You cover ground extremely quickly. (Speed+++)


Message History

A hound comes into view.
The gnoll is no longer distracted by gold.
Throw: 5 darts (poison)
Press: ? - help, Q - select action, (/) - cycle Shift-Dir - straight line, f - gnoll sergeant
Aim: a gnoll sergeant, wielding a +0 trident of venom and wearing a +0 scale mail (heavily wounded, very poisoned, 71% to hit)
You throw a poisoned dart.
The poisoned dart hits the gnoll sergeant!
The gnoll sergeant looks as sick as possible!
The gnoll sergeant is heavily wounded.
Throw: 4 darts (poison)
Press: ? - help, Q - select action, (/) - cycle Shift-Dir - straight line, f/p - gnoll sergeant
Aim: a gnoll sergeant, wielding a +0 trident of venom and wearing a +0 scale mail (heavily wounded, extremely poisoned, 71% to hit)
You throw a poisoned dart.
The poisoned dart closely misses the gnoll sergeant.
Throw: 3 darts (poison)
Press: ? - help, Q - select action, (/) - cycle Shift-Dir - straight line, f/p - gnoll sergeant
Aim: a gnoll sergeant, wielding a +0 trident of venom and wearing a +0 scale mail (severely wounded, extremely poisoned, 71% to hit)
You throw a poisoned dart.
The poisoned dart hits the gnoll sergeant.
The gnoll sergeant looks as sick as possible!
The gnoll sergeant is severely wounded.
You kill the gnoll sergeant!
Things that are here:
6 gold pieces; a +0 trident of venom; a +0 scale mail Throw: 2 darts (poison)
Press: ? - help, Q - select action, (/) - cycle Shift-Dir - straight line, f - gnoll
Aim: a gnoll, wielding a +3 halberd (heavily wounded, 68% to hit)
You throw a poisoned dart. The poisoned dart hits the gnoll.
The gnoll is poisoned.
The gnoll is heavily wounded.
Grinder blinks!
The gnoll looks more healthy.
The gnoll hits you from afar with a +3 halberd!
The gnoll hits you from afar with a +3 halberd!
* * * LOW HITPOINT WARNING * * *
Grinder gestures at you.
You suddenly lose the ability to move!
The gnoll hits you from afar with a +3 halberd!
You die...
Your body crumbles into a pile of gold.

#......##....... #####
#.........##... #...#
#....##........
##...#####.....)...#.. ###
##....##.......)...##..
#..##.............##...#... .
###...##...........##..♣..#.# .
..##....####.........#......... #
:.........))..@......#.....♣...
##......#.............)#..<......
...###........g..#.....#.....♣...
...###..##...$...##...##.......#.
..# #....##.(....###..###..♣.....
..# #.!.##...5#).#......##......#
..###.#.##.(.'##....##...........
...#..#..(..##.##...# ...........
.$.##......##...##...............


You could see Grinder and a gnoll.

Vanquished Creatures
  A water moccasin (D:5)
  Duvessa (D:4)
  An ice beast (D:3)
  2 black bears (D:4)
  2 ogres (D:5)
  A centaur (D:5)
  A phantom (D:6)
  An elf zombie (Ossuary)
  A bullfrog (D:6)
  A gnoll sergeant (D:6)
  A scorpion (D:5)
  Dowan (D:4)
  A howler monkey (D:5)
  2 centaur zombies (Ossuary)
  A human zombie (Ossuary)
  Crazy Yiuf (D:2)
  An orc wizard (D:4)
  3 iguanas
  3 ogre zombies (Ossuary)
  6 mummies (Ossuary)
  2 gnolls (D:6)
  7 adders
  4 adder zombies (Ossuary)
  2 worms
  4 dart slugs
  The ghost of mkat the Sneak, a weakling SpDe (D:3)
  13 orcs
  2 ball pythons (D:1)
  4 bats
  8 endoplasms
  5 giant cockroaches
  7 goblins
  8 hobgoblins
  15 jackals
  2 quokkas
  3 frilled lizards (D:1)
  A gnoll zombie (Ossuary)
  3 goblin zombies (Ossuary)
  8 hobgoblin zombies (Ossuary)
  12 kobolds
  A kobold zombie (Ossuary)
  5 quokka zombies (Ossuary)
  3 rats (D:3)
  A rat zombie (Ossuary)
153 creatures vanquished.

Vanquished Creatures (others)
  A plant (D:2)
1 creature vanquished.

Grand Total: 154 creatures vanquished

Notes
Turn   | Place    | Note
-------+----------+-------------------------------------------
     0 | D:1      | styxcanada the Spriggan Brigand began the quest for the
                  | Orb.
     0 | D:1      | Reached XP level 1. HP: 10/10 MP: 2/2
    52 | D:1      | Reached skill level 6 in Stealth
   148 | D:1      | Reached XP level 2. HP: 11/14 MP: 3/3
   722 | D:1      | Reached XP level 3. HP: 18/18 MP: 4/4
   893 | D:1      | Found Ufauf's Antique Armour Shoppe.
  1076 | D:1      | Found a faded altar of an unknown god.
  1731 | D:2      | Found a runed translucent door.
  1732 | D:2      | Noticed Crazy Yiuf
  1745 | D:2      | Killed Crazy Yiuf
  1746 | D:2      | Reached XP level 4. HP: 23/23 MP: 5/5
  2265 | D:3      | Found a runed translucent door.
  2268 | D:3      | Noticed mkat's ghost (weakling SpDe)
  2297 | D:3      | Reached skill level 7 in Stealth
  2399 | D:3      | Found a snail-covered altar of Cheibriados.
  2401 | D:3      | Noticed an ice beast
  2489 | D:3      | Killed an ice beast
  2490 | D:3      | Reached skill level 1 in Ranged Weapons
  2490 | D:3      | Reached XP level 5. HP: 26/26 MP: 6/6
  2635 | D:3      | Found an ornate altar of the Wu Jian Council.
  3037 | D:3      | Killed mkat's ghost
  3509 | D:4      | Noticed Dowan
  3512 | D:4      | Noticed Duvessa
  3572 | D:4      | Noticed a black bear
  3586 | D:4      | Noticed a black bear
  3913 | D:4      | Killed a black bear
  3914 | D:4      | Reached skill level 8 in Stealth
  3914 | D:4      | Reached XP level 6. HP: 32/32 MP: 7/7
  4441 | D:4      | Killed Duvessa
  4442 | D:4      | Reached skill level 9 in Stealth
  4442 | D:4      | Reached XP level 7. HP: 22/35 MP: 8/8
  4845 | D:4      | Killed Dowan
  5279 | D:5      | Entered Level 5 of the Dungeon
  5666 | D:5      | Found an iron altar of Okawaru.
  5666 | D:5      | Found a glowing silver altar of Zin.
  5670 | D:5      | Reached XP level 8. HP: 40/40 MP: 9/9
  5674 | D:5      | Reached skill level 5 in Dodging
  6413 | D:5      | Found an opulent altar of Gozag.
  6415 | D:5      | Found a hide-covered altar of Uskayaw.
  6416 | D:5      | Found a hazy altar of Hepliaklqana.
  6419 | D:5      | Became a worshipper of Gozag Ym Sagoz the Greedy
  6665 | D:6      | Reached skill level 10 in Stealth
  6678 | D:6      | Found a sand-covered staircase.
  6683 | Ossuary  | Entered an ossuary
  7593 | Ossuary  | Reached skill level 11 in Stealth
  8070 | D:6      | Noticed Grinder
  8090 | D:6      | Paralysed by Grinder for 5 turns
  8091 | D:6      | Slain by a gnoll

Illustrated notes

Levels and vault maps discovered:
D:1:      ncdulo_halloftheorcs, layout_loops_ring,
          ebering_ecumenical_altar_rust, serial_shops,
          nicolae_shop_window_shopping, hangedman_decor_lopped,
          minmay_misc_feat_diagonals
D:2:      layout_rooms, serial_forest, infiniplex_forest_end_2,
          infiniplex_forest_straight_2, infiniplex_forest_lined_room_2,
          infiniplex_forest_end_2, infiniplex_forest_clump_curved,
          infiniplex_forest_clump_curved, infiniplex_forest_lined_room_3,
          infiniplex_forest_clump_tiny, uniq_crazy_yiuf_cottage
D:3:      layout_basic, mainiacjoe_overflow_boulevard,
          mainiacjoe_overflow_paths, hellmonk_ghost_happy_afterlife,
          amcnicky_mini_corridor_feature, hex_intersection, minivault_27
D:4:      layout_rooms, uniq_duvessa
D:5:      layout_rooms, chequers_temple_overflow_minitemple,
          serial_corexii_hall, corexii_hall_statues_s, corexii_hall_statues_i,
          nicolae_concentric_dashed_squares_wild, nrook_mini_backslash
D:6:      layout_cave_pools, minmay_temple_entry_butterflies, enter_ossuary_5,
          grunt_ministairs_9, uniq_grinder

Skill      XL: |  1  2  3  4  5  6  7  8 |
---------------+-------------------------+-----
Stealth        | 6 7 8 9 11 | 11.1
Dodging        | 2 3 4 6 |  6.0
Short Blades   | 3 4 |  4.5
Fighting       | 2 3 |  3.6
Ranged Weapons | 1 2 3 |  3.5
Throwing       | 3 4 |  4.9
Staves         | |  0.2

Action                   |  1- 3 |  4- 6 |  7- 9 || total
-------------------------+-------+-------+-------++-------
Melee: Dagger            |   114 |    58 |   184 ||   356
       Punch             |       |       |     3 ||     3
       Quarterstaff      |       |       |    15 ||    15
 Fire: Sling             |       |    36 |    51 ||    87
Throw: Dart              |    30 |    47 |    46 ||   123
       Stone             |       |     2 |     1 ||     3
Evoke: Wand              |       |       |     3 ||     3
  Use: Scroll            |       |    12 |     4 ||    16
 Stab: Sleeping          |     5 |    13 |    28 ||    46
       Distracted        |       |     1 |     2 ||     3
       Paralysed         |       |       |     1 ||     1
Armor: Robe              |    13 |     4 |    30 ||    47
Dodge: Dodged            |    92 |    48 |   150 ||   290
